 Dungeon Crawl Stone Soup version 0.28-a0-1613-gdaab1c2f9b (webtiles) character file.

Game seed: 998091921395031000

41 cheechan the Covert (level 3, -2/28 HPs)
             Began as a Vampire Delver on Jan 21, 2022.
             Was an Initiate of Okawaru.
             Slain by an ice beast (9 damage)
             ... on level 5 of the Dungeon.
             The game lasted 00:01:52 (538 turns).

cheechan the Covert (Vampire Delver)                 Turns: 538, Time: 00:01:53

Health: -2/28      AC:  4    Str: 13    XL:     3   Next: 32%
Magic:  3/3        EV: 12    Int: 12    God:    Okawaru [......]
Gold:   9          SH:  0    Dex: 15    Spells: 2/2 levels left

rFire   . . .      SeeInvis +   a - +0 short sword
rCold   . . .      Faith    .   (no shield)
rNeg    . . .      Spirit   .   b - +0 leather armour
rPois   .          Reflect  .   h - +0 helmet
rElec   .          Harm     .   (no cloak)
rCorr   .          Rampage  .   (no gloves)
Will    .....                   (no boots)
Stlth   ++++......              (no amulet)
HPRegen 0.29/turn               (no ring)
MPRegen 0.08/turn               (no ring)

@: healing quickly
A: alive, fangs 3, see invisible, vampiric 2
a: Exsanguinate, Renounce Religion


You were on level 5 of the Dungeon.
You worshipped Okawaru.
Okawaru was noncommittal.
You visited 1 branch of the dungeon, and saw 1 of its levels.

You collected 9 gold pieces.

Inventory:

Hand Weapons
 a - a +0 short sword (weapon)
Missiles
 j - 30 stones (quivered)
Armour
 b - a +0 leather armour (worn)
 h - a +0 helmet (worn)
Wands
 g - a wand of digging (3)
 i - a wand of acid (5)
Scrolls
 c - a scroll of fog
 d - a scroll of magic mapping
 e - a scroll of fear
 k - a scroll of vulnerability {unknown}
Potions
 f - a potion of haste


   Skills:
 + Level 2.8 Fighting
 + Level 2.5 Short Blades
 + Level 0.5 Armour
 + Level 2.3 Dodging
 + Level 8.3 Stealth


You had 2 spell levels left.
You didn't know any spells.
Your spell library was empty.

Dungeon Overview and Level Annotations

Branches:
Dungeon (5/15)
 Temple: D:4-7

Altars:
Okawaru
Wu Jian


Innate Abilities, Weirdness & Mutations

Your natural rate of healing is accelerated.
You have razor-sharp teeth.
You have supernaturally acute eyesight. (SInv)
You are afflicted with vampirism and can become a bat while bloodless.


Message History

The orc is almost dead.
The orc hits you with a +0 flail!
You hit the orc.
You kill the orc!
Okawaru accepts your kill.
You hit the orc.
The orc is lightly wounded.
The orc closely misses you.
You barely miss the orc.
The orc is lightly wounded.
The orc hits you with a +0 flail.
You hit the orc.
The orc is almost dead.
The orc barely misses you.
You hit the orc.
You kill the orc!
Okawaru accepts your kill.
Items here: ))) [ †††.
Items here: ))) [ †††.
Found a scroll labelled JAESHEWKILU.
k - a scroll labelled JAESHEWKILU
Found a fizzy dark potion.
An ice beast comes into view.
You see here a fizzy dark potion.
The helpless ice beast fails to defend itself.
You impale the ice beast!!
The ice beast is severely wounded.
The ice beast hits you. The ice beast freezes you.
You barely miss the ice beast. You bite the ice beast.
The ice beast is severely wounded.
The ice beast hits you. The ice beast freezes you!
You hit the ice beast.
The ice beast is almost dead.
The ice beast hits you but does no damage.
You barely miss the ice beast.
The ice beast is almost dead.
The ice beast hits you.
* * * LOW HITPOINT WARNING * * *
The ice beast freezes you!
You die...

# # ##. ### #.# #.###.. #.#
#..#.###### #.# #.........#
#.# #.....###.# #.#
#..#....#.######.#
#.#.#..........#Y#
#)#.#.....####.#@####
#.#.###.### #.#....# #.#.#
#.# #.####.# ..#.###.#
##.####.# ###.....# #.......#
####### ##..#### #..######
#...... ##...## ##..# #.#####
#.....######...# #.#
..........##..#############.#


You could see an ice beast.

Vanquished Creatures
  3 gnolls (D:5)
  4 orcs (D:5)
  3 kobolds (D:5)
10 creatures vanquished.

Notes
Turn   | Place    | Note
-------+----------+-------------------------------------------
     0 | D:5      | cheechan the Vampire Delver began the quest for the Orb.
     0 | D:5      | Reached XP level 1. HP: 17/17 MP: 1/1
    70 | D:5      | Found an ornate altar of the Wu Jian Council.
   307 | D:5      | Found an iron altar of Okawaru.
   321 | D:5      | Reached XP level 2. HP: 13/23 MP: 2/2
   337 | D:5      | Reached skill level 8 in Stealth
   354 | D:5      | Gained mutation: You are afflicted with vampirism and can
                  | become a bat while bloodless. [Vampire growth]
   354 | D:5      | Reached XP level 3. HP: 4/28 MP: 3/3
   368 | D:5      | Became a worshipper of Warmaster Okawaru
   532 | D:5      | Noticed an ice beast
   538 | D:5      | Slain by an ice beast

Illustrated notes

Levels and vault maps discovered:
D:5:      layout_loops_ring, nicolae_wu_jian_immortal_techniques,
          okawaru_altar_gauntlet_db, chequers_serial_rivers_micro_e,
          chequers_serial_rivers_marsh

Skill      XL: |  1  2 |
---------------+-------+-----
Stealth        | 8 |  8.3
Fighting       | |  2.8
Short Blades   | |  2.5
Armour         | |  0.5
Dodging        | |  2.3

Action                   || total
-------------------------++-------
Melee: Short sword       ||    58
       Bite              ||     5
       Punch             ||     1
 Stab: Sleeping          ||     1
Armor: Leather armour    ||    14
Dodge: Dodged            ||    38

Table legend: (Time is in decaauts)
 A = Elapsed time spent in this place.
 B = Non-inter-level travel time spent in this place.
 C = Inter-level travel time spent in this place.
 D = Time resting spent in this place.
 E = Time spent auto-exploring this place.
 F = Levels seen in this place.
 G = Mean time per level.
                   A        B        C        D        E       F      G
               +--------+--------+--------+--------+--------+-----+--------+
         Total |    537 |    537 |      0 |     64 |      0 |   1 |  537.0 |
       Dungeon |    537 |    537 |      0 |     64 |      0 |   1 |  537.0 |
               +--------+--------+--------+--------+--------+-----+--------+

Top non-repeatable levels by time:
     D:5: 537 daAuts
